 Dungeon Crawl Stone Soup version 0.23-a0-622-g59b4ea9 (webtiles) character file.

11 suvakkihuora the Shield-Bearer (level 2, -2/24 HPs)
             Began as a Formicid Fighter on Dec 23, 2018.
             Was an Initiate of Okawaru.
             Slain by a bullfrog (4 damage)
             ... on level 14 of the Dungeon.
             The game lasted 00:01:33 (175 turns).

suvakkihuora the Shield-Bearer (Formicid Fighter)    Turns: 175, Time: 00:01:34

Health: -2/24      AC:  6    Str: 20    XL:     2   Next: 35%
Magic:  2/2        EV:  7    Int:  7    God:    Okawaru [......]
Gold:   32         SH:  9    Dex: 10    Spells: 1/1 levels left

rFire    . . .     SeeInvis +   a - +0 flail
rCold    . . .     Gourm    .   c - +0 shield
rNeg     . . .     Faith    .   b - +0 scale mail
rPois    .         Spirit   .   (helmet unavailable)
rElec    .         Reflect  .   (no cloak)
rCorr    .         Harm     .   (no gloves)
MR       .....                  (no boots)
Stlth    ..........             (no amulet)
HPRegen  0.08/turn              (no ring)
MPRegen  0.08/turn              (no ring)

@: no status effects
A: permanent stasis, dig shafts and tunnels, four strong arms, antennae 3
a: Dig, Shaft Self, Renounce Religion


You were on level 14 of the Dungeon.
You worshipped Okawaru.
Okawaru was noncommittal.
You were not hungry.

You visited 1 branch of the dungeon, and saw 8 of its levels.

You collected 32 gold pieces.

Inventory:

Hand Weapons
 a - a +0 flail (weapon)
 e - the +4 falchion of Purpose {protect, rElec rC- MP+9 Stlth-}
   (You found it on level 9 of the Dungeon)

   It protects the one who uses it against injury (+AC on strike).
   It makes you vulnerable to cold.
   It insulates you from electricity.
   It affects your magic capacity (+9).
   It makes you less stealthy.
Armour
 b - a +0 scale mail (worn)
 c - a +0 shield (worn)
Potions
 d - a potion of might
Comestibles
 f - a ration


   Skills:
 + Level 3.5 Fighting
 + Level 2.3 Maces & Flails
 + Level 3.5 Armour
 - Level 3.6 Shields


You had one spell level left.
You didn't know any spells.
Your spell library was empty.

Dungeon Overview and Level Annotations

Branches:
Dungeon (5/15)
 Temple: D:4-7

Altars:
Okawaru

Shops:
D:11 (

Annotations:
D:8 Prince Ribbit


Innate Abilities, Weirdness & Mutations

You cannot be hasted, slowed, berserked, paralysed or teleported.
You can dig through walls and to a lower floor.
Your four strong arms can wield two-handed weapons with a shield.
You have a pair of large antennae on your head. (SInv)


Message History

The bullfrog is moderately wounded.
The bullfrog hits you. You block the bullfrog's attack.
You thump the bullfrog!
The bullfrog is severely wounded.
You block the bullfrog's attack. The bullfrog closely misses you.
You completely miss the bullfrog.
The bullfrog is severely wounded.
The bullfrog hits you.
You hit the bullfrog but do no damage.
The bullfrog is severely wounded.
The bullfrog barely misses you. The bullfrog hits you.
You closely miss the bullfrog.
The bullfrog is severely wounded.
The bullfrog hits you. The bullfrog hits you!
* * * LOW HITPOINT WARNING * * *
You block the bullfrog's attack.
You barely miss the bullfrog.
The bullfrog is severely wounded.
The bullfrog hits you.
You die...

#......
.....#
....# ...#
..# #.#
#.## #.F#
##@# #.#
#.### ###
#.#8###8##
#........##
#........8#
#........##
#.#8##...#
#.####...#


You could see a bullfrog.

Vanquished Creatures
  An adder (D:5)
  A hobgoblin (D:1)
2 creatures vanquished.

Notes
Turn   | Place    | Note
-------+----------+-------------------------------------------
     0 | D:1      | suvakkihuora the Formicid Fighter began the quest for the
                  | Orb.
     0 | D:1      | Reached XP level 1. HP: 18/18 MP: 1/1
    14 | D:1      | You fall through a shaft!
    17 | D:2      | You fall through a shaft for 2 floors!
    22 | D:5      | Entered Level 5 of the Dungeon
    32 | D:5      | Reached XP level 2. HP: 24/24 MP: 2/2
    42 | D:5      | Found an iron altar of Okawaru.
    47 | D:5      | Became a worshipper of Warmaster Okawaru
    61 | D:5      | You fall through a shaft for 3 floors!
    63 | D:8      | Noticed Prince Ribbit
    66 | D:8      | You fall through a shaft!
    67 | D:9      | Noticed a troll
    75 | D:9      | Got a steaming falchion
    78 | D:9      | You fall through a shaft for 2 floors!
    78 | D:11     | Found Paamiofai's Weapon Shop.
    78 | D:11     | Noticed a troll
    81 | D:11     | You fall through a shaft for 3 floors!
    82 | D:14     | Identified the +4 falchion of Purpose {protect, rElec rC-
                  | MP+9 Stlth-} (You found it on level 9 of the Dungeon)
   167 | D:14     | Noticed a bullfrog
   175 | D:14     | Slain by a bullfrog

Vault maps used:
D:1:      doesnt_arrival_eight_statues, minivault_26, st_stairs_14,
          serial_bayou_lake_a
D:2:      marbit_many_paths, nicolae_overflow_hidden_temple, uniq_sigmund
D:4:      tgw_trog, uniq_duvessa
D:5:      kennysheep_little_box, old_standard_altar, first_ration, serial_shops,
          shop, led_xom_imps, uniq_eustachio
D:8:      gammafunk_ghost_smash, uniq_prince_ribbit1
D:9:      uniq_grum, uniq_joseph, uniq_psyche
D:11:     david_lair_generic, david_orc_3, serial_ice, serial_ice_n,
          serial_ice_g, serial_ice_a, serial_ice_k, serial_ice_o, serial_ice_f,
          serial_ice_d, serial_ice_e, serial_ice_h, serial_ice_m,
          portal_ice_cave_entry_ice_beasts, serial_shops,
          nicolae_shop_waterfront, nicolae_shop_statue_plus,
          hangedman_pestilent_swarm, small_chamber_with_monster,
          minmay_misc_feat_nine_boxes, bloody_makhleb
D:14:     skrybe_vaults_entry_preservation, serial_corexii_hall,
          corexii_hall_statues_u, chequers_hall_statues_y,
          hangedman_abyss_or_decor_stabs

Action                   || total
-------------------------++-------
Melee: Flail             ||    13
 Abil: Shaft Self        ||     6
Armor: Scale mail        ||     6
Dodge: Dodged            ||     5
Block: Shield            ||     9

Table legend:
 A = Non-vault XP
 B = Vault XP
 C = Vault XP percentage of total XP
 D = Non-vault monster count
 E = Vault monster count
 F = Vault count percentage of total count
                 A         B        C        D         E       F
            +---------+---------+-------+---------+---------+-------
      Total |      16 |       0 |   0.0 |       2 |       0 |   0.0
            +---------+---------+-------+---------+---------+-------
        D:1 |       2 |       0 |   0.0 |       1 |       0 |   0.0
        D:5 |      14 |       0 |   0.0 |       1 |       0 |   0.0
            +---------+---------+-------+---------+---------+-------
